 Dungeon Crawl Stone Soup version 0.21-a0-94-gdd6ab6a (webtiles) character file.

191413 tsouns the Thaumaturge (level 18, 0/135 HPs)
             Began as a Gnoll Wizard on June 25, 2017.
             Was the Champion of Ashenzari.
             Engulfed by a cloud of freezing vapour (26 damage)
             ... on level 2 of the Swamp on July 2, 2017.
             The game lasted 03:53:40 (36196 turns).

tsouns the Thaumaturge (Gnoll Wizard)              Turns: 36196, Time: 03:53:41

Health: 0/135      AC: 18    Str:  6    XL:     18   Next: 20%
Magic:  13/33      EV: 11    Int: 27    God:    Ashenzari [******]
Gold:   665        SH: 10    Dex: 18    Spells: 2/39 levels left

rFire    . . .     SeeInvis +   J - +8 dagger (drain) (curse)
rCold    . . .     Gourm    .   H - +3 buckler (curse)
rNeg     . . .     Faith    .   q - +2 ring mail {rPois} (curse)
rPois    +         Spirit   .   O - +2 hat {Int+3} (curse)
rElec    .         Reflect  .   v - scarf {repulsion} (curse)
rCorr    .         Harm     .   t - +2 pair of gloves {Dex+3} (curse)
MR       +....     Clarity  +   c - +2 pair of boots (curse)
Stlth    ++++......             f - amulet of magic regeneration (curse)
HPRegen  0.32/turn              K - ring of protection from magic (curse)
MPRegen  0.48/turn              s - ring of wizardry (curse)

@: grasped by roots, repel missiles, very slow
A: short attention span, fangs 1, strong nose
}: 1/15 runes: gossamer
a: Curse Item, Scrying, Transfer Knowledge, Renounce Religion


You were on level 2 of the Swamp.
You worshipped Ashenzari.
Ashenzari was exalted by your worship.
You were very full.

You visited 6 branches of the dungeon, and saw 30 of its levels.
You visited 2 bazaars.
You also visited: Labyrinth and Ice Cave.

You collected 3201 gold pieces.
You spent 2536 gold pieces at shops.

Inventory:

Hand Weapons
 J - a cursed +8 dagger of draining (weapon)
 S - a +3 rapier of electrocution
Missiles
 g - a throwing net (quivered)
Armour
 c - a cursed +2 pair of boots (worn)
 q - a cursed +2 ring mail of poison resistance (worn)
 t - a cursed +2 pair of gloves of dexterity (worn)
 v - a cursed scarf of repulsion (worn)
 H - a cursed +3 buckler (worn)
 O - a cursed +2 hat of intelligence (worn)
 X - a +1 cloak of invisibility
Jewellery
 f - a cursed amulet of magic regeneration (around neck)
 s - a cursed ring of wizardry (right hand)
 K - a cursed ring of protection from magic (left hand)
Wands
 i - a wand of clouds (4/9)
 y - a wand of iceblast (6/15)
 C - a wand of lightning (7/15)
 F - a wand of confusion (20/48)
 M - a wand of polymorph (8/24)
 P - a wand of paralysis (13/24)
 Y - a wand of enslavement (11/24)
 Z - a wand of digging (14/24)
Scrolls
 k - 4 scrolls of teleportation
 o - 6 scrolls of magic mapping
 p - 5 scrolls of fear
 r - 8 scrolls of identify
 x - a scroll of silence
 z - a scroll of summoning
 A - a scroll of fog
 G - 2 scrolls of remove curse
 Q - 2 scrolls of amnesia
 U - 2 scrolls of recharging
Potions
 e - 3 potions of ambrosia
 h - 4 potions of haste
 j - 4 potions of invisibility
 l - 10 potions of curing
 n - 2 potions of brilliance
 u - 7 potions of lignification
 w - 2 potions of flight
 B - 3 potions of magic
 D - 6 potions of agility
 E - 2 potions of resistance
 I - 4 potions of might
 L - 4 potions of mutation
 N - 4 potions of heal wounds
 R - 2 potions of cancellation
 T - a potion of berserk rage
Books
 a - Roxanne's Tome of Transmigration
   (You took it off Roxanne on level 1 of the Swamp)

   Spells                             Type                      Level
   a - Beastly Appendage              Transmutation                1
   b - Sticks to Snakes               Transmutation                2
   c - Yara's Violent Unravelling     Hexes/Transmutation          5
   d - Blade Hands                    Transmutation                5
   e - Statue Form                    Transmutation/Earth          6
Miscellaneous
 b - a fan of gales
 W - a phial of floods
Comestibles
 d - 15 bread rations
 m - 13 meat rations


   Skills:
 + Level 10.2 Fighting
 - Level 9.6(11.5) Short Blades
 - Level 9.5(11.5) Armour
 - Level 9.6(11.5) Dodging
 + Level 10.0 Stealth
 - Level 9.2(10.8) Shields
 + Level 11.1 Spellcasting
 - Level 9.9(11.7) Conjurations
   Level 6.7(10.3) Hexes
 - Level 9.1(11.3) Summonings
 - Level 8.0(10.8) Translocations
 + Level 8.5(11.1) Transmutations
 - Level 7.8(10.7) Fire Magic
 - Level 7.9(10.8) Ice Magic
 - Level 8.8(11.2) Air Magic
 + Level 9.3(11.4) Earth Magic
 - Level 8.0(10.8) Poison Magic
 + Level 9.3(11.4) Evocations


You had 2 spell levels left.
You knew the following spells:

 Your Spells              Type           Power        Failure   Level  Hunger
a - Magic Dart            Conj           ####         1%          1    None
b - Blink                 Tloc           N/A          1%          2    None
c - Freezing Cloud        Conj/Ice/Air   ######....   6%          6    #####..
d - Shadow Creatures      Summ           N/A          6%          6    #####..
e - Conjure Flame         Conj/Fire      ######..     1%          3    None
f - Mephitic Cloud        Conj/Pois/Air  ######..     1%          3    None
g - Force Lance           Conj/Tloc      ######..     1%          4    None
h - Stone Arrow           Conj/Erth      ######       1%          3    None
j - Petrify               Tmut/Erth      ######..     1%          4    None
k - Lee's Rapid Deconstr  Erth           ######....   1%          5    ###....


Dungeon Overview and Level Annotations

Branches:
Dungeon (15/15)            Temple (1/1) D:4            Lair (6/6) D:9
  Swamp (2/4) Lair:4       Spider (4/4) Lair:4        Slime (0/5) Lair:6
    Orc (2/2) D:9             Elf (0/3) Orc:2        Vaults (0/5) D:14
 Depths (0/5) D:15

Altars:
Ashenzari
Cheibriados
Dithmenos
Elyvilon
Fedhas
Gozag
Hepliaklqana
Kikubaaqudgha
Makhleb
Nemelex Xobeh
Okawaru
Qazlal
Ru
Sif Muna
Trog
Uskayaw
Vehumet
Wu Jian
Xom
Yredelemnul
Zin
The Shining One
Beogh

Shops:
D:4 =   D:9 }   D:13 (   Orc:2 =*[(


Innate Abilities, Weirdness & Mutations

You have a short attention span.
You have very sharp teeth.
Your uncanny sense of smell can sniff out nearby items.


Message History

The spriggan rider hits you from afar with a spear.
You block the swamp worm's attack. x2
Casting: Freezing Cloud
Confirm with . or Enter, or press ? or * to list all spells.
Aiming: Freezing Cloud
Press: ? - help, Dir - move target cursor, f - swamp worm
Aim: a swamp worm That beam is likely to hit you.
Continue anyway?
You are engulfed in freezing vapours.
* * * LOW HITPOINT WARNING * * *
The shambling mangrove is engulfed in freezing vapours.
The spriggan rider is engulfed in freezing vapours.
You block the spriggan rider's attack.
The swamp worm is engulfed in freezing vapours.
You block the swamp worm's attack.
The swamp worm is engulfed in freezing vapours.
The swamp worm bites you.
* * * LOW HITPOINT WARNING * * *
You are engulfed in freezing vapours.
You die...

≈
,≈♣♣♣♣♣≈≈.(.♣...♣≈.≈
≈≈.. ,≈ ≈
≈≈.≈≈.≈♣...}§≈..≈. ,≈
≈≈... ,
≈≈≈.......§§§§.≈.♣,≈,
≈ ≈≈ ≈,
,,/..≈.≈≈≈≈♣§§..≈♣
,≈*≈ ≈ ***
*♣.≈≈≈....§§§≈♣♣♣ ≈ ≈
, ♣♣?≈≈.≈≈≈≈if♣♣ **
≈.≈∆ , ♣♣♣♣.>≈≈.ww♣ *
..♣♣ ♣♣♣.≈.§§♣ ...♣
♣♣≈≈§@♣ ♣.. ♣.≈≈.♣
*♣< * ♣.≈♣.♣ ♣♣. *
♣.≈≈≈♣ ♣.≈ ,* ♣♣.≈♣≈♣
♣♣.. ♣.....♣ ♣♣≈.≈ ≈
,* ♣.♣≈>.♣ ♣.♣♣♣ ≈≈ *
♣.♣≈.♣♣ ♣♣.≈≈≈ ≈ **
♣.≈≈.♣ ♣♣..≈≈≈


You could see a shambling mangrove, a spriggan rider and 2 swamp worms.

Vanquished Creatures
  Arachne (Spider:4)
  Jorgrun (Spider:2)
  Frances (Spider:1)
  Kirke (Spider:2)
  Gastronok (D:9)
  Roxanne (Swamp:1)
  2 ghost moths (Spider:4)
  Louise (Spider:4)
  5 emperor scorpions
  2 orc warlords (Orc:2)
  A stone giant (Orc:2)
  2 entropy weavers
  Nessos (Lair:5)
  4 spark wasps
  Snorg (Lair:2)
  A minotaur (Lab)
  7 hydras
  3 ice dragons
  A death knight (D:14)
  2 centaur warriors
  6 two-headed ogres
  A ghost crab (Swamp:2)
  4 alligators (Swamp:1)
  A queen ant (Lair:3)
  A death yak (Lair:6)
  2 tengu warriors (D:15)
  3 orc high priests (Orc:2)
  Urug (Lair:3)
  3 skeletal warriors (D:14)
  A fire crab (Lair:6)
  3 swamp dragons
  An unseen horror (D:12)
  A shambling mangrove (Swamp:1)
  A phantasmal warrior (D:14)
  Pikel (D:7)
  38 wolf spiders
  5 orc knights (Orc:2)
  A lindwurm (Lair:2)
  21 orb spiders
  A deep elf mage (D:15)
  3 cyclopes
  7 orc sorcerers
  2 ugly things
  2 moths of wrath (Spider:4)
  A manticore (D:15)
  A manticore (shapeshifter) (D:13)
  9 elephants (Lair:5)
  Joseph (Lair:1)
  7 black mambas
  8 torpor snails
  A gargoyle (D:11)
  9 rime drakes
  17 spiny frogs
  4 kobold demonologists (D:12)
  4 centaur skeletons
  A freezing wraith (D:14)
  6 komodo dragons
  11 demonic crawlers
  5 trolls
  8 polar bears
  21 jumping spiders
  2 meliai (shapeshifter) (D:14)
  2 meliai (D:13)
  Prince Ribbit (Lair:3)
  A queen bee (D:13)
  A harpy skeleton (D:15)
  19 hornets
  2 tyrant leeches
  6 bog bodies (Swamp:1)
  7 dream sheep (Lair:6)
  12 hippogriffs
  4 slime creatures
  12 blink frogs
  A meliai zombie (D:13)
  68 redbacks
  5 hogs (Spider:2)
  4 shadows
  A wraith (D:14)
  12 spriggans
  2 wyverns
  34 yaks
  24 tarantellas
  4 hungry ghosts
  3 fire elementals (D:13)
  3 basilisks
  A steam dragon (D:11)
  8 vampire mosquitoes
  An acid dragon (D:11)
  3 wargs
  13 insubstantial wisps
  9 swamp worms
  12 soldier ants
  2 hell hounds (D:13)
  8 water moccasins
  9 porcupines
  9 ice beasts
  46 orc warriors
  2 sky beasts
  7 black bears
  A hornet zombie (D:15)
  3 phantoms
  An eye of draining (D:14)
  3 swamp drakes (Swamp:1)
  An ogre (shapeshifter) (D:14)
  9 ogres
  5 boggarts (Lair:6)
  29 wolves
  6 crocodiles
  10 centaurs
  4 big kobolds
  15 bullfrogs
  A wyvern skeleton (D:11)
  A hornet simulacrum (D:13)
  22 killer bees
  9 wights
  6 electric eels
  10 crimson imps
  11 howler monkeys
  14 jellies
  A quasit (D:12)
  A bullfrog zombie (D:5)
  31 orc priests
  2 centaur zombies
  9 hounds
  A bullfrog skeleton (D:4)
  Natasha (thrice) (D:3)
  3 iguanas
  26 orc wizards
  18 worker ants
  2 hell rats (Lair:6)
  A killer bee zombie (D:6)
  2 hound zombies
  A hound skeleton (D:7)
  A worker ant zombie (D:9)
  10 gnolls
  20 adders
  5 river rats (Lair:6)
  2 shadow imps
  An ooze (D:1)
  2 adder skeletons
  3 worms
  A worm (shapeshifter) (D:14)
  4 leopard geckos
  115 orcs
  6 bats
  6 giant cockroaches
  7 goblins
  5 hobgoblins
  8 jackals
  21 kobolds
  8 quokkas
  2 ball pythons
  7 frilled lizards
  A leopard gecko skeleton (D:8)
  36 rats
1156 creatures vanquished.

Vanquished Creatures (collateral kills)
  Nikola (Spider:3)
  Azrael (D:13)
  4 orb spiders
  A demonic crawler (Spider:2)
  3 jumping spiders
  4 redbacks
  A wraith (D:14)
  A yak (D:14)
  2 ogres (D:4)
  A centaur (D:7)
  A crocodile (Lair:3)
  A big kobold (D:7)
  5 killer bees (D:13)
  An orc priest (D:3)
  A worker ant (Lair:3)
  2 orc wizards (D:4)
  5 gnolls (D:2)
  An adder (D:2)
  A shadow imp (D:7)
  6 orcs
  A hobgoblin (D:2)
  2 jackals (D:2)
  A quokka (D:9)
  A frilled lizard (D:2)
  A rat (D:2)
49 creatures vanquished.

Vanquished Creatures (others)
  A meliai (D:13)
  A soldier ant (Lair:3)
  A hell hound (D:13)
  4 slaves (D:8)
  An ogre (D:8)
  3 killer bees
  A leopard gecko (D:8)
  3 fungi
  4 plants
19 creatures vanquished.

Grand Total: 1224 creatures vanquished

Notes
Turn   | Place    | Note
-------+----------+-------------------------------------------
     0 | D:1      | tsouns the Gnoll Wizard began the quest for the Orb.
     0 | D:1      | Reached XP level 1. HP: 13/13 MP: 6/6
   126 | D:1      | Reached XP level 2. HP: 20/20 MP: 1/8
   189 | D:1      | Learned a level 2 spell: Blink
   192 | D:1      | Learned a level 2 spell: Call Imp
   195 | D:1      | Learned a level 2 spell: Slow
   433 | D:2      | Reached skill level 1 in Fighting
   433 | D:2      | Reached XP level 3. HP: 26/26 MP: 6/10
   579 | D:2      | Reached XP level 4. HP: 33/33 MP: 3/11
   638 | D:2      | Reached skill level 6 in Spellcasting
   648 | D:2      | Reached skill level 1 in Short Blades
   648 | D:2      | Reached skill level 1 in Hexes
   860 | D:2      | Reached XP level 5. HP: 39/39 MP: 10/13
  1003 | D:2      | Learned a level 3 spell: Conjure Flame
  1007 | D:2      | Learned a level 3 spell: Mephitic Cloud
  1517 | D:3      | Noticed Natasha
  1764 | D:2      | Reached XP level 6. HP: 33/46 MP: 1/15
  1825 | D:3      | Killed Natasha
  2302 | D:3      | Noticed Natasha
  2314 | D:3      | Killed Natasha
  2349 | D:3      | Noticed Natasha
  2353 | D:3      | Killed Natasha
  2504 | D:4      | Reached skill level 5 in Conjurations
  2504 | D:4      | Reached XP level 7. HP: 51/51 MP: 8/16
  2584 | D:4      | Reached skill level 5 in Armour
  2683 | D:4      | Found Cuacyps's Jewellery Emporium.
  2699 | D:4      | Found a staircase to the Ecumenical Temple.
  2737 | D:4      | Reached skill level 7 in Spellcasting
  2754 | Temple   | Entered the Ecumenical Temple
  2846 | Temple   | Became a worshipper of Ashenzari the Shackled
  2879 | D:4      | Reached skill level 1 in Fire Magic
  2879 | D:4      | Reached skill level 1 in Air Magic
  2879 | D:4      | Reached skill level 1 in Poison Magic
  2962 | D:4      | Identified the amulet of the Tuna {Reflect rF- Int+3 Dex+6 SH+2}
  3021 | D:4      | Found a sacrificial altar of Ru.
  3328 | D:4      | Reached XP level 8. HP: 46/57 MP: 10/18
  3568 | D:5      | Entered Level 5 of the Dungeon
  3920 | D:5      | Reached skill level 1 in Shields
  3987 | D:5      | Found an iron altar of Okawaru.
  4139 | D:5      | Found a glowing silver altar of Zin.
  4384 | D:6      | Reached * piety under Ashenzari
  4437 | D:6      | Reached skill level 5 in Shields
  4896 | D:6      | Noticed a cyclops
  4978 | D:6      | Killed a cyclops
  4978 | D:6      | Reached skill level 8 in Spellcasting
  4978 | D:6      | Reached XP level 9. HP: 53/63 MP: 6/21
  5740 | D:6      | Noticed a cyan ugly thing
  5757 | D:6      | HP: 1/64 [cyan ugly thing (16)]
  6480 | D:6      | Reached skill level 5 in Stealth
  6528 | D:7      | Reached skill level 5 in Dodging
  6716 | D:7      | Found a sparkling altar of Nemelex Xobeh.
  6847 | D:8      | Noticed Pikel
  6868 | D:7      | Killed Pikel
  7076 | D:8      | Found a bloodstained altar of Trog.
  7135 | D:7      | Reached skill level 5 in Summonings
  7247 | D:7      | Reached XP level 10. HP: 21/72 MP: 3/22
  7873 | D:8      | Identified a scroll of acquirement
  7873 | D:8      | Identified the Grimoire of Battle Magic and Flight (You acquired it on level 8 of the Dungeon)
  7905 | D:8      | Reached skill level 5 in Short Blades
  7968 | D:8      | Reached skill level 5 in Fire Magic
  7985 | D:8      | Reached skill level 5 in Fighting
  7985 | D:8      | Reached skill level 5 in Translocations
  7985 | D:8      | Reached skill level 5 in Poison Magic
  8136 | D:8      | Reached skill level 5 in Air Magic
  8180 | D:8      | Learned a level 4 spell: Force Lance
  8523 | D:9      | Found a staircase to the Lair.
  8639 | D:9      | Noticed Gastronok
  8654 | D:9      | Noticed a two-headed ogre
  8699 | D:9      | Killed a two-headed ogre
  9111 | D:9      | Killed Gastronok
  9111 | D:9      | Reached XP level 11. HP: 60/83 MP: 11/23
  9128 | D:9      | Noticed a purple ugly thing
  9149 | D:9      | Killed a purple ugly thing
  9233 | D:9      | Found Biolel's Gadget Emporium.
  9342 | D:9      | Found a roughly hewn altar of Beogh.
  9346 | D:9      | Found a staircase to the Orcish Mines.
  9638 | D:10     | Entered Level 10 of the Dungeon
  9976 | D:10     | Reached ** piety under Ashenzari
 10023 | D:10     | Reached skill level 1 in Evocations
 10067 | D:10     | Reached skill level 9 in Spellcasting
 10457 | Lair:1   | Entered Level 1 of the Lair of Beasts
 10617 | Lair:1   | Learned a level 3 spell: Stone Arrow
 10620 | Lair:1   | Learned a level 2 spell: Passwall
 10625 | Lair:1   | Learned a level 4 spell: Petrify
 10637 | Lair:1   | Noticed Joseph
 10657 | Lair:1   | Killed Joseph
 10657 | Lair:1   | Reached skill level 1 in Earth Magic
 10716 | Lair:1   | Reached skill level 1 in Transmutations
 10839 | Lair:1   | Found a snail-covered altar of Cheibriados.
 11112 | Lair:1   | Noticed a six-headed hydra
 11121 | Lair:1   | Killed a six-headed hydra
 11264 | Lair:1   | Reached XP level 12. HP: 92/92 MP: 16/25
 11652 | Lair:2   | Reached *** piety under Ashenzari
 11721 | Lair:2   | Reached skill level 5 in Evocations
 11936 | Lair:2   | Reached skill level 5 in Earth Magic
 11987 | Lair:2   | Found a frozen archway.
 11996 | IceCv    | Entered an ice cave
 12044 | Lair:2   | Found a dark tunnel.
 12162 | Lair:2   | Reached skill level 5 in Transmutations
 12532 | Lair:3   | Noticed Snorg
 12550 | Lair:2   | Killed Snorg
 12593 | Lair:3   | Got the cursed hand crossbow "Hatelar" {velocity, rElec Dex+4}
 12597 | Lair:3   | Found a labyrinth entrance.
 12611 | Lab      | Entered a labyrinth
 13127 | Lab      | Noticed a minotaur
 13136 | Lab      | Killed a minotaur
 13188 | Lair:3   | Noticed Urug
 13201 | Lair:3   | Killed Urug
 13450 | Lair:3   | Noticed a queen ant
 13495 | Lair:3   | Noticed Prince Ribbit
 13555 | Lair:3   | Reached skill level 5 in Hexes
 13569 | Lair:3   | Killed Prince Ribbit
 13652 | Lair:3   | Killed a queen ant
 13652 | Lair:3   | Reached XP level 13. HP: 55/98 MP: 23/26
 14272 | Lair:4   | Found a hole to the Spider Nest.
 14326 | Lair:4   | Identified the ring "Jablaisu" {Ice *Corrode *Drain +Blink Str+9}
 14431 | Lair:4   | Reached **** piety under Ashenzari
 14592 | Lair:4   | Found a staircase to the Swamp.
 15878 | Lair:5   | Noticed Nessos
 15895 | Lair:5   | Killed Nessos
 16134 | Lair:5   | Identified the +8 short sword of Lofog {flame, Fragile rPois Dex-3 SInv}
 16619 | Lair:6   | Entered Level 6 of the Lair of Beasts
 16766 | Lair:6   | Reached skill level 10 in Spellcasting
 16805 | Lair:5   | Reached XP level 14. HP: 36/106 MP: 5/28
 17259 | Lair:6   | Found a staircase to the Slime Pits.
 17451 | Lair:6   | Reached ***** piety under Ashenzari
 18807 | Lair:5   | Identified the cursed +1 hand crossbow "Hatelar" {velocity, rElec Dex+4} (You found it on level 3 of the Lair of Beasts)
 18884 | Lair:3   | Learned a level 5 spell: Lee's Rapid Deconstruction
 18892 | Lair:3   | Identified the cursed +1 hand crossbow "Hatelar" {velocity, rElec Dex+4} (You found it on level 3 of the Lair of Beasts)
 18989 | Orc:1    | Entered Level 1 of the Orcish Mines
 19471 | Orc:2    | Entered Level 2 of the Orcish Mines
 19471 | Orc:2    | Found a staircase to the Elven Halls.
 19950 | Orc:2    | Noticed an orc warlord
 19980 | Orc:2    | Killed an orc warlord
 20331 | Orc:2    | Noticed a stone giant
 20346 | Orc:2    | Reached XP level 15. HP: 89/113 MP: 9/29
 20635 | Orc:2    | Found Lokasoj's Antique Armour Shoppe.
 20636 | Orc:2    | Found Eremubua's Antique Weapon Shoppe.
 20637 | Orc:2    | Found Yhet's General Store.
 20637 | Orc:2    | Found Yluhuhae's Jewellery Emporium.
 20641 | Orc:2    | Bought a potion of heal wounds for 60 gold pieces
 20643 | Orc:2    | Bought a scroll of enchant armour for 90 gold pieces
 20745 | Orc:2    | Noticed an orc warlord
 20779 | Orc:2    | Killed an orc warlord
 21226 | D:9      | Upgraded the game from 0.21-a0-85-ga0cb861 to 0.21-a0-91-ga5031da
 22880 | D:13     | Found a flickering gateway to a bazaar.
 22887 | Bazaar   | Entered a bazaar
 22894 | Bazaar   | Found Xarul's Weapon Shop.
 22907 | Bazaar   | Found Tizxewn's Book Shop.
 22924 | Bazaar   | Found Uziaforr's Assorted Antiques.
 22928 | Bazaar   | Reached ****** piety under Ashenzari
 22952 | Bazaar   | Found Neamuq's Gadget Boutique.
 23003 | Bazaar   | Bought a book of Summonings for 1050 gold pieces
 23017 | Bazaar   | Bought a scroll of acquirement for 1092 gold pieces
 23017 | Bazaar   | Bought a potion of might for 84 gold pieces
 23126 | D:13     | Found Nieptidgha's Weapon Emporium.
 23232 | D:13     | Identified the +7 broad axe of Incongruity {freeze, Int+7}
 23398 | D:13     | Learned a level 6 spell: Shadow Creatures
 23416 | D:13     | Noticed Azrael
 23423 | D:13     | Killed Azrael
 24570 | D:14     | Found a white marble altar of Elyvilon.
 24578 | D:14     | Found a gate to the Vaults.
 25677 | D:15     | Entered Level 15 of the Dungeon
 25765 | D:15     | Identified the +5 long sword of Liuni {slice, rC+ rN+ Str+3 Int-5}
 25789 | D:15     | Found a flickering gateway to a bazaar.
 25806 | D:15     | Reached XP level 16. HP: 113/122 MP: 15/30
 25839 | Bazaar   | Entered a bazaar
 25840 | Bazaar   | Found Aplit's Distillery.
 25854 | Bazaar   | Found Kaevyumm's Weapon Emporium.
 25863 | Bazaar   | Found Xaihadoo's Gadget Emporium.
 25869 | Bazaar   | Found Bots's Antique Weapon Boutique.
 25873 | Bazaar   | Found Peasch's Distillery.
 25884 | Bazaar   | Bought a potion of heal wounds for 60 gold pieces
 25884 | Bazaar   | Bought a potion of heal wounds for 60 gold pieces
 25918 | Bazaar   | Bought a potion of brilliance for 40 gold pieces
 26272 | D:15     | Found a staircase to the Depths.
 26685 | Spider:1 | Entered Level 1 of the Spider Nest
 26688 | Spider:1 | Noticed Frances
 27391 | Spider:1 | Killed Frances
 27391 | Spider:1 | Reached skill level 10 in Fighting
 28252 | Spider:2 | Noticed Kirke
 28259 | Spider:2 | Killed Kirke
 28506 | Spider:2 | Noticed Jorgrun
 28517 | Spider:2 | Killed Jorgrun
 29969 | Spider:3 | Reached XP level 17. HP: 67/128 MP: 3/31
 30257 | Spider:3 | Noticed Nikola
 30274 | Spider:3 | Killed Nikola
 30291 | Spider:3 | Learned a level 6 spell: Freezing Cloud
 30320 | Spider:3 | Identified the +6 quarterstaff "Cuang" {antimagic, +Blink +Inv Str+2}
 30562 | Spider:3 | Reached skill level 1 in Ice Magic
 30747 | Spider:4 | Entered Level 4 of the Spider Nest
 30755 | Spider:4 | Noticed Arachne
 30769 | Spider:4 | Killed Arachne
 30769 | Spider:4 | Reached skill level 11 in Spellcasting
 30829 | Spider:4 | Noticed Louise
 30850 | Spider:4 | Killed Louise
 31009 | Spider:4 | Reached skill level 5 in Ice Magic
 32400 | Spider:4 | Identified the +10 plate armour of Genaaf Mier {rElec Str+4}
 32667 | Spider:4 | Upgraded the game from 0.21-a0-91-ga5031da to 0.21-a0-94-gdd6ab6a
 34292 | Spider:4 | Got a gossamer rune of Zot
 34455 | Swamp:1  | Entered Level 1 of the Swamp
 35185 | Swamp:1  | Reached XP level 18. HP: 133/134 MP: 26/33
 35346 | Swamp:1  | Noticed Roxanne
 35607 | Swamp:1  | Killed Roxanne
 35617 | Swamp:1  | Identified Roxanne's Tome of Transmigration (You took it off Roxanne on level 1 of the Swamp)
 35800 | Swamp:1  | Reached skill level 10 in Stealth
 36019 | Swamp:2  | Identified the +7 morningstar of Bread {freeze, rElec rPois Dex+3}
 36196 | Swamp:2  | Engulfed by a cloud of freezing vapour

Vault maps used:
D:1:      minmay_arrival_glassed_features
D:2:      cheibrodos_gnoll_hut
D:3:      minmay_rat_hole, uniq_natasha
D:4:      temple_fountains, first_bread, serial_shops, shop, minivault_24,
          minivault_11, hangedman_ru_absence
D:5:      kennysheep_mini_moat, kennysheep_okawaru_gauntlet
D:6:      kennysheep_big_flooded_room
D:7:      nemelex_spade_bored_becter
D:8:      basic_altar, hangedman_pestilent_swarm, uniq_pikel
D:9:      dpeg_oklobed_lair, david_orc_5, serial_shops, shop_coins,
          kennysheep_dice, uniq_gastronok
D:12:     kennysheep_generic_room_9
D:13:     minmay_coctagon, special_room, serial_shops, bzr_entry_safe,
          nicolae_shop_stone, uniq_azrael
D:14:     david_vaults_2, basic_altar, glass_columns_a
D:15:     grunt_enter_depths_hoard, serial_shops, bzr_entry_dummy,
          hangedman_decor_peaks_small
Temple:   compressed_dpeg_triangle_lava_temple
Lair:1:   kennysheep_snail_temple, uniq_joseph
Lair:2:   nicolae_volcano_entry_vermiform, portal_ice_cave_entry_pillars_1,
          serial_bayou_pond_e, grunt_megastairs_2
Lair:3:   lab_entry_generic, minmay_stone_trees_medium, minmay_another_anthill,
          uniq_urug, uniq_snorg, uniq_prince_ribbit2
Lair:4:   swamp_mist_pool, spider_nest_entry_webs, grunt_megastairs_3
Lair:5:   beast_lair_carwin_11, uniq_nessos
Lair:6:   minmay_lair_end_enchanted_forest, nicolae_slime_entry_slimehenge,
          grunt_forest_stairs_basic, serial_bayou_ford_a, fungi_pond_lemuel,
          kennysheep_abandoned_house
Swamp:1:  evilmike_swamp_ruin_house_2, uniq_roxanne
Swamp:2:  hangedman_swamp_ruin_wall, swamp_pool5
Spider:1: uniq_frances
Spider:2: uniq_kirke, uniq_jorgrun
Spider:3: uniq_nikola
Spider:4: spider_rune_water, uniq_arachne, uniq_louise
Orc:1:    serial_shops
Orc:2:    st_orc_congregation
Lab:      labyrinth_mini_lab, labyrinth_baited_teleportation_trap
Bazaar:   bazaar_jpeg_honeycomb, bazaar_kb_twisted_cavern
IceCv:    ice_cave_tombish

Skill      XL: |  1  2  3  4  5  6  7  8  9 10 11 12 13 14 15 16 17 18 |
---------------+-------------------------------------------------------+-----
Conjurations   | 2 3 5 6 7 8 9 |  9.9
Fighting       | 1 2 3 4 6 7 8 9 10 | 10.2
Summonings     | 2 3 5 7 8 9 |  9.1
Dodging        | 4 5 7 8 9 |  9.6
Translocations | 2 4 6 7 8 |  8.0
Spellcasting   | 6 7 8 9 10 11 | 11.1
Short Blades   | 1 2 4 6 7 8 9 |  9.6
Hexes          | 1 3 4 5 6 |  6.7
Stealth        | 4 5 7 8 9 10 | 10.0
Armour         | 4 6 7 8 9 |  9.5
Fire Magic     | 2 4 5 7 |  7.8
Air Magic      | 1 2 4 5 6 7 8 |  8.8
Poison Magic   | 2 4 5 7 8 |  8.0
Shields        | 7 8 9 |  9.2
Evocations     | 4 6 7 8 9 |  9.3
Earth Magic    | 4 6 7 8 9 |  9.3
Transmutations | 3 6 7 8 |  8.5
Ice Magic      | 7 |  7.9

Action                   |  1- 3 |  4- 6 |  7- 9 | 10-12 | 13-15 | 16-18 || total
-------------------------+-------+-------+-------+-------+-------+-------++-------
Melee: Short sword       |       |    11 |       |       |       |       ||    11
       Bite              |       |     1 |     5 |    51 |   162 |    94 ||   313
       Dagger            |       |     1 |    48 |   527 |  1665 |   918 ||  3159
Throw: Stone             |       |       |       |     1 |       |       ||     1
 Cast: Magic Dart        |    64 |   161 |   394 |   407 |   114 |    13 ||  1153
       Call Imp          |     3 |    17 |    27 |    11 |       |       ||    58
       Mephitic Cloud    |       |     9 |    14 |    43 |    85 |    49 ||   200
       Conjure Flame     |       |       |     6 |    21 |    10 |    10 ||    47
       Blink             |       |       |     6 |     4 |     3 |     1 ||    14
       Slow              |       |       |     1 |       |       |       ||     1
       Force Lance       |       |       |       |    37 |   110 |    49 ||   196
       Petrify           |       |       |       |     8 |    93 |   111 ||   212
       Stone Arrow       |       |       |       |     7 |    94 |   130 ||   231
       Lee's Rapid Decon |       |       |       |       |    25 |    57 ||    82
       Shadow Creatures  |       |       |       |       |     5 |    12 ||    17
       Freezing Cloud    |       |       |       |       |       |    16 ||    16
Invok: Curse Item        |       |       |       |     3 |     3 |     2 ||     8
Evoke: Phantom mirror    |       |       |       |     1 |       |       ||     1
       Wand              |       |       |       |     5 |     7 |     3 ||    15
       Phial of floods   |       |       |       |       |     1 |     1 ||     2
  Use: Scroll            |       |    15 |     5 |    19 |    11 |    13 ||    63
       Potion            |       |     1 |     1 |       |     3 |     7 ||    12
 Stab: Sleeping          |       |     1 |       |     3 |    27 |     7 ||    38
       Confused          |       |       |     2 |    40 |    73 |    44 ||   159
       Distracted        |       |       |     1 |     1 |     1 |     1 ||     4
       Petrified         |       |       |       |     7 |    58 |    46 ||   111
       Petrifying        |       |       |       |     1 |    21 |    50 ||    72
       Invisible         |       |       |       |       |       |     4 ||     4
  Eat: Chunk             |       |     5 |     7 |     9 |     2 |       ||    23
       Fruit             |       |       |     6 |     4 |     7 |     7 ||    24
       Royal jelly       |       |       |     2 |     2 |    12 |    16 ||    32
       Meat ration       |       |       |       |     1 |     1 |       ||     2
       Bread ration      |       |       |       |       |     2 |     3 ||     5
Armor: Robe              |     1 |     8 |       |       |       |       ||     9
       Ring mail         |       |     4 |    51 |    91 |   371 |   332 ||   849
Dodge: Dodged            |    18 |    57 |    97 |   177 |   537 |   467 ||  1353
       Deflected         |       |       |     8 |     3 |    16 |       ||    27
Block: Buckler           |       |       |    38 |   110 |   442 |   378 ||   968
